 Dungeon Crawl Stone Soup version 0.25.1-8-g42b30a86e7 (webtiles) character file.

Game seed: 2588843957466965989

133 Destapler the Skirmisher (level 5, 0/47 HPs)
             Began as a Hill Orc Fighter on Dec 20, 2020.
             Slain by an orc
             ... wielding a +0 trident
              (6 damage)
             ... on level 7 of the Dungeon.
             The game lasted 00:08:46 (1538 turns).

Destapler the Skirmisher (Hill Orc Fighter)         Turns: 1538, Time: 00:08:46

Health: 0/47       AC:  7    Str: 20    XL:     5   Next: 16%
Magic:  5/5        EV:  7    Int:  8    God:
Gold:   36         SH:  9    Dex: 10    Spells: 4/4 levels left

rFire    . . .     SeeInvis .   a - +0 war axe
rCold    . . .     Gourm    .   c - +0 kite shield
rNeg     . . .     Faith    .   b - +0 scale mail
rPois    .         Spirit   .   (no helmet)
rElec    .         Reflect  .   (no cloak)
rCorr    .         Harm     .   (no gloves)
MR       .....                  (no boots)
Stlth    ..........             (no amulet)
HPRegen  0.15/turn              (no ring)
MPRegen  0.09/turn              (no ring)

@: no status effects
A: no striking features
a: no special abilities


You were on level 7 of the Dungeon.
You were near starving.

You visited 2 branches of the dungeon, and saw 8 of its levels.

You collected 36 gold pieces.

Inventory:

Hand Weapons
 a - a +0 war axe (weapon)
Missiles
 m - 12 poisoned darts (quivered)
Armour
 b - a +0 scale mail (worn)
 c - a +0 kite shield (worn)
Wands
 d - a wand of flame (16)
 i - a wand of disintegration (9)
 k - a wand of polymorph (2)
Scrolls
 e - a scroll of teleportation {unknown}
 g - a scroll of identify {unknown}
 l - a scroll of random uselessness {unknown}
Potions
 h - a potion of degeneration {unknown}
 j - a potion of berserk rage {unknown}
 n - a potion of cancellation {unknown}
 o - a potion of curing {unknown}
Comestibles
 f - 2 rations


   Skills:
 + Level 4.6 Fighting
 + Level 4.1 Axes
 + Level 4.2 Armour
 + Level 4.2 Shields


You had 4 spell levels left.
You didn't know any spells.
Your spell library was empty.

Dungeon Overview and Level Annotations

Branches:
Dungeon (7/15)             Temple (1/1) D:6

Altars:
Ashenzari
Cheibriados
Dithmenos
Gozag
Hepliaklqana
Kikubaaqudgha
Nemelex Xobeh
Okawaru
Qazlal
Ru
Sif Muna
Uskayaw
Wu Jian
Yredelemnul
Zin
The Shining One

Annotations:
D:4 Blork the orc


Message History

The bullfrog barely misses you. The bullfrog hits you!
* * * LOW HITPOINT WARNING * * *
The bullfrog hits you.
* * * LOW HITPOINT WARNING * * *
The bullfrog closely misses you. The bullfrog barely misses you.
The bullfrog hits you.
* * * LOW HITPOINT WARNING * * *
The bullfrog hits you.
* * * LOW HITPOINT WARNING * * *
You block the bullfrog's attack. The bullfrog barely misses you.
You block the bullfrog's attack. The bullfrog barely misses you.
The bullfrog snags a nearby small bird with its tongue.
The bullfrog hits you but does no damage.
The orc shouts!
The orc hits you with a +0 trident.
You die...

#.#..# #### #.# #.#..## #.#
#.#...######### #.#
#####.............###.########
#.........#######.............
#.####W#.###..........########
#.# #W#.# #.#..........# #o#
#.#.###.#o#####..#.# #.#
#.#.....@.# #....###### #.#
#.#####.#F# #.........o
#.####.#######h# ###..######
#.....[.WW.....## #..#
####.#..........# ..#
##.#.#######.# ..# ##.## ...
### ####


You could see a black bear, a bullfrog and an orc.

Vanquished Creatures
  A bullfrog (Temple)
  A crimson imp (D:5)
  3 adders
  A worm (D:3)
  A bat (D:3)
  A giant cockroach (D:3)
  A quokka (D:7)
  A ball python (D:5)
  A rat (D:3)
11 creatures vanquished.

Vanquished Creatures (others)
  A centaur (D:6)
  An adder (D:6)
2 creatures vanquished.

Grand Total: 13 creatures vanquished

Notes
Turn   | Place    | Note
-------+----------+-------------------------------------------
     0 | D:1      | Destapler the Hill Orc Fighter began the quest for the Orb.
     0 | D:1      | Reached XP level 1. HP: 19/19 MP: 1/1
   138 | D:3      | Reached XP level 2. HP: 27/27 MP: 2/2
   284 | D:3      | Found a hazy altar of Hepliaklqana.
   318 | D:4      | Noticed Blork the orc
   318 | D:4      | Noticed a howler monkey
   323 | D:5      | Entered Level 5 of the Dungeon
   326 | D:5      | Reached XP level 3. HP: 30/33 MP: 3/3
   513 | D:5      | Reached XP level 4. HP: 40/40 MP: 4/4
   548 | D:5      | Noticed an ice beast
   601 | D:6      | Killed a centaur
   653 | D:6      | Noticed an ice beast
   654 | D:6      | Noticed a bullfrog
   655 | D:6      | Found a staircase to the Ecumenical Temple.
   659 | D:6      | Noticed a phantom
   665 | Temple   | Entered the Ecumenical Temple
   730 | Temple   | Killed a bullfrog
   730 | Temple   | Reached XP level 5. HP: 20/47 MP: 5/5
  1396 | D:7      | Noticed a hungry ghost
  1429 | D:7      | Found an iron altar of Okawaru.
  1430 | D:7      | Noticed a black bear
  1490 | D:7      | Noticed a phantom
  1538 | D:7      | Slain by an orc

Illustrated notes

Levels and vault maps discovered:
D:1:      dpeg_arrival_simpleton_b, layout_loops_cross, minivault_26,
          minmay_tetromino_l2
D:2:      wad_crossroads, layout_rooms, nicolae_overflow_hidden_temple,
          chequers_ecumenical_altar_island, uniq_sigmund, uniq_terence
D:3:      layout_basic, nicolae_overflow_crystal_walls
D:4:      layout_cave_pools, lemuel_coloured_pillars_altar, first_ration,
          uniq_grinder, uniq_blork_the_orc
D:5:      minmay_polygon_palace, layout_basic, kennysheep_mini_moat,
          grunt_temple_overflow_champion_of_chaos
D:6:      layout_basic, minmay_temple_entry_statues_fountains,
          columned_hall_lemuel, lemuel_flamethrower_2
D:7:      layout_loops_ring, okawaru_metal_pillars_1_2
Temple:   eino_temple_water

Skill      XL: |  1  2  3  4 |
---------------+-------------+-----
Axes           | 3 4 |  4.1
Fighting       | 4 |  4.6
Armour         | 4 |  4.2
Shields        | 4 |  4.2

Action                   |  1- 3 |  4- 6 || total
-------------------------+-------+-------++-------
Melee: War axe           |    18 |    16 ||    34
  Use: Potion            |     1 |     1 ||     2
Armor: Scale mail        |    16 |    40 ||    56
       Skin              |     2 |     8 ||    10
Dodge: Dodged            |     5 |    38 ||    43
Block: Kite shield       |    13 |    69 ||    82
